 Dungeon Crawl Stone Soup version 0.17-a0-989-gada8a91 (console) character file.

142 Monkaria the Skirmisher (level 5, 0/42 HPs)
             Began as a Demonspawn Chaos Knight on May 12, 2015.
             Slain by a giant gecko (4 damage)
             ... on level 3 of the Dungeon.
             The game lasted 00:03:09 (2162 turns).

Monkaria the Skirmisher (Demonspawn Chaos Knight)   Turns: 2162, Time: 00:03:10

Health: 0/42       AC:  6    Str: 13    XL:     5   Next: 3%
Magic:  5/5        EV: 11    Int: 14    God:    Xom [......]
Gold:   122        SH:  0    Dex: 12    Spells: 0 memorised, 4 levels left

rFire  . . .     SeeInvis .     a - +0 falchion (chaos)
rCold  . . .     Clarity  .     b - +3 leather armour
rNeg   . . .     SustAb   .     (no shield)
rPois  .         Gourm    +     (helmet restricted)
rElec  .         Spirit   .     (no cloak)
rCorr  .         Warding  .     (no gloves)
rMut   .         Stasis   .     (no boots)
MR     .....                    n - amulet of the gourmand
Stlth  +.........               (no ring)
                                (no ring)

@: not resistant to hostile enchantments, very unstealthy
A: claws 1, horns 2, powered by pain 1
a: Renounce Religion


You were on level 3 of the Dungeon.
You worshipped Xom.
You were a very special plaything of Xom.
You were not hungry.

You visited 1 branch of the dungeon, and saw 3 of its levels.

You collected 122 gold pieces.

Inventory:

Hand weapons
 a - a +0 falchion of chaos (weapon)
Armour
 b - a +3 leather armour (worn)
Jewellery
 f - an uncursed amulet of warding
 n - an amulet of the gourmand (around neck)
Scrolls
 e - a scroll of magic mapping {unknown}
 g - 3 scrolls of noise
Potions
 i - a potion of heal wounds {unknown}
 k - 2 potions of agility {unknown}
 l - a potion of poison {unknown}
 p - a potion of invisibility {unknown}
 r - a potion of flight
Comestibles
 c - a bread ration
 d - 4 chunks of flesh
 h - a royal jelly
 o - a meat ration


   Skills:
 - Level 4.0 Fighting
 - Level 3.3 Long Blades
 - Level 1.7 Armour
 - Level 0.8 Dodging
 + Level 3.0 Unarmed Combat


You had 4 spell levels left.
You didn't know any spells.

Dungeon Overview and Level Annotations

Branches:
Dungeon (3/15)

Altars:
Kikubaaqudgha


Innate Abilities, Weirdness & Mutations

You have sharp fingernails.
You have a pair of horns on your head.
You sometimes gain a little power by taking damage.


Message History

The ooze hits you but does no damage. The ooze misses you.
You slash the ooze!
You kill the ooze!
The orc returns to its original shape as it dies.
You have reached level 5!
The orc barely misses you.
You closely miss the orc. The orc hits you but does no damage.
You barely miss the orc. You headbutt the orc.
You kill the orc!
You hit the giant cockroach but do no damage.
The giant cockroach bites you but does no damage.
The giant cockroach misses you.
You hit the giant cockroach. You freeze the giant cockroach.
You kill the giant cockroach!
Your Unarmed Combat skill increases to level 3!
You completely miss the giant gecko.
The giant gecko bites you but does no damage.
The giant gecko bites you.
You die... "Boring in life, boring in death..."

##......#.# ..#.....## #.
#.......#.# #...##..## #.
#.........# ####...###...
..
#.........####..........#
.
##......#...##..........#
##...#..#...#..........#
#####....#............##
#......####.........#
##.....@lKo.#..#.....
####.#####......##.#
#.###s..##.......
#.....$ol...)..##
#...!......###.#
#............#.#
............#....
.#.........)# #..
#....<..##...


You could see an orc, a giant gecko and a kobold.

Vanquished Creatures
  An orc priest (D:3)
  2 adders
  3 oozes
  A worm (D:2)
  2 giant geckos
  10 orcs
  7 bats
  2 giant cockroaches
  6 goblins
  7 hobgoblins
  8 kobolds
  2 quokkas
  4 giant newts
  3 jackals (D:2)
  9 rats
67 creatures vanquished.

Notes
Turn   | Place    | Note
--------------------------------------------------------------
     0 | D:1      | Monkaria the Demonspawn Chaos Knight began the quest for the Orb.
     0 | D:1      | Reached XP level 1. HP: 18/18 MP: 1/1
    36 | D:1      | Gained mutation: You sometimes gain a little power by taking damage. [demonic ancestry]
    36 | D:1      | Reached XP level 2. HP: 5/24 MP: 2/2
    38 | D:1      | XOM: silly message
   438 | D:1      | XOM: harmless Erth miscast
   606 | D:1      | Gained mutation: You have sharp fingernails. [demonic ancestry]
   606 | D:1      | Reached XP level 3. HP: 19/29 MP: 3/3
   624 | D:1      | XOM: 2-stop teleportation journey
   914 | D:2      | XOM: blink monster(s)
   922 | D:2      | Reached skill level 4 in Fighting
  1121 | D:2      | XOM: confuse monster(s)
  1430 | D:2      | Reached skill level 1 in Unarmed Combat
  1569 | D:2      | Gained mutation: You have a pair of small horns on your head. [demonic ancestry]
  1569 | D:2      | Reached XP level 4. HP: 27/37 MP: 4/4
  1633 | D:2      | XOM: mild Ice miscast
  1741 | D:2      | XOM: god gift: viscous coppery potion
  1825 | D:2      | XOM: give mutation
  1825 | D:2      | Gained mutation: You have a pair of horns on your head. [Xom's grace]
  2004 | D:3      | Found an ancient bone altar of Kikubaaqudgha.
  2008 | D:3      | XOM: medium Trmt miscast
  2156 | D:3      | Reached XP level 5. HP: 3/42 MP: 5/5
  2162 | D:3      | Slain by a giant gecko

Vault maps used:
D:1:      mrwooster_arrival_statue_3
D:3:      kiku_gazebo_garden_becter, lemuel_round_altar, minmay_distorted

Action                   |  1- 3 |  4- 6 || total
-------------------------+-------+-------++-------
Melee: Falchion          |   162 |    67 ||   229
  Use: Scroll            |       |     5 ||     5
  Eat: Chunk             |     2 |     2 ||     4
